3AAA
HIALEAH DODOS @ SALT LAKE CITY BUZZ
09/16/2024
 
TOP OF THE 1ST
Hialeah Dodos batting - Pitching for Salt Lake City Buzz : RHP Pedro Espinoza
Pitching: RHP Pedro Espinoza
Batting: RHB Diego Bonilla 0-0: Fly out, F9 (Flyball, 9D)
Batting: LHB Alfonso Núñez 0-0: Ball
1-0: Swinging Strike
1-1: Foul Ball, location: 2F
1-2: Foul Ball, location: 2F
1-2: Foul Ball, location: 2F
1-2: Ground out 1-3 (Groundball, 13S)
Batting: RHB Yoshio Matsuo 0-0: Swinging Strike
0-1: Ball
1-1: Foul Ball, location: 2F
1-2: Strikes out swinging
Top of the 1st over - 0 run(s), 0 hit(s), 0 error(s), 0 left on base; Hialeah 0 - Salt Lake City 0
BOTTOM OF THE 1ST
Salt Lake City Buzz batting - Pitching for Hialeah Dodos : RHP Jim Unknown
Pitching: RHP Jim Unknown
Batting: RHB Carlos López 0-0: Swinging Strike
0-1: Called Strike
0-2: Ball
1-2: Strikes out looking
Batting: SHB Raymond Bright 0-0: Ball
1-0: Ball
2-0: Ball
3-0: Foul Ball, location: 2F
3-1: Base on Balls
Batting: RHB Gustavo Berrios 0-0: Ball
Raymond Bright steals 2nd base
1-0: Called Strike
1-1: Swinging Strike
1-2: Foul Ball, location: 2F
1-2: Fly out, F8 (Flyball, 8RD)
Runner from 2nd tags up, SAFE at 3rd, no throw
Batting: SHB Wayne Saunders 0-0: Ball
1-0: Fly out, F3 (Popup, 3F)
Bottom of the 1st over - 0 run(s), 0 hit(s), 0 error(s), 1 left on base; Hialeah 0 - Salt Lake City 0
TOP OF THE 2ND
Hialeah Dodos batting - Pitching for Salt Lake City Buzz : RHP Pedro Espinoza
Batting: LHB Jeff Rutherford 0-0: Swinging Strike
0-1: Ball
1-1: Foul Ball, location: 2F
1-2: Foul Ball, location: 2F
1-2: Strikes out looking
Batting: RHB Ji-chol Yang 0-0: Ground out 4-3 (Groundball, 4MS)
Batting: LHB Raúl Aguirre 0-0: Ball
1-0: Ball
2-0: Foul Ball, location: 2F
2-1: Called Strike
2-2: Ball
3-2: Base on Balls
Batting: LHB Perry Bothof 0-0: Ball
Wild Pitch!
Raúl Aguirre to second
1-0: Ball
2-0: Ball
3-0: Called Strike
3-1: Foul Ball, location: 2F
3-2: Ground out 6-3 (Groundball, 6S)
Top of the 2nd over - 0 run(s), 0 hit(s), 0 error(s), 1 left on base; Hialeah 0 - Salt Lake City 0
BOTTOM OF THE 2ND
Salt Lake City Buzz batting - Pitching for Hialeah Dodos : RHP Jim Unknown
Batting: RHB Patrick Clark 0-0: Called Strike
0-1: Swinging Strike
0-2: Strikes out looking
Batting: SHB Carlton Reed 0-0: Foul Ball, location: 2F
0-1: Foul Ball, location: 2F
0-2: Ball
1-2: Foul Ball, location: 2F
1-2: Foul Ball, location: 2F
1-2: Ground out 1-3 (Groundball, 34S)
Batting: RHB Andrew Hall 0-0: Ball
1-0: Foul Ball, location: 2F
1-1: Ball
2-1: Swinging Strike
2-2: Fly out, F4 (Popup, 4D)
Bottom of the 2nd over - 0 run(s), 0 hit(s), 0 error(s), 0 left on base; Hialeah 0 - Salt Lake City 0
TOP OF THE 3RD
Hialeah Dodos batting - Pitching for Salt Lake City Buzz : RHP Pedro Espinoza
Batting: RHB Javier Santos 0-0: Foul Ball, location: 2F
0-1: Foul Ball, location: 2F
0-2: Ball
1-2: Ball
2-2: Strikes out swinging
Batting: RHB Vincente Rotham 0-0: Swinging Strike
0-1: SOLO HOME RUN (Flyball, 8RXD), Distance : 445 ft
Batting: RHB Diego Bonilla 0-0: Ball
1-0: Called Strike
1-1: Swinging Strike
1-2: Strikes out swinging
Batting: LHB Alfonso Núñez 0-0: Ball
1-0: Ball
2-0: Called Strike
2-1: Ball
3-1: Called Strike
3-2: Strikes out swinging
Top of the 3rd over - 1 run(s), 1 hit(s), 0 error(s), 0 left on base; Hialeah 1 - Salt Lake City 0
BOTTOM OF THE 3RD
Salt Lake City Buzz batting - Pitching for Hialeah Dodos : RHP Jim Unknown
Batting: RHB Roger Lakes 0-0: Ball
1-0: Ball
2-0: Swinging Strike
2-1: Ground out 6-3 (Groundball, 6)
Batting: RHB Alan Rosales 0-0: Ball
1-0: Swinging Strike
1-1: Fly out, F7 (Flyball, 78S)
Batting: RHB Carlos López 0-0: Ball
1-0: Called Strike
1-1: Ball
2-1: Ground out 1-3 (Groundball, 23)
Bottom of the 3rd over - 0 run(s), 0 hit(s), 0 error(s), 0 left on base; Hialeah 1 - Salt Lake City 0
TOP OF THE 4TH
Hialeah Dodos batting - Pitching for Salt Lake City Buzz : RHP Pedro Espinoza
Batting: RHB Yoshio Matsuo 0-0: Called Strike
0-1: SINGLE (Line Drive, 56)
Batting: LHB Jeff Rutherford 0-0: Ball
1-0: Ball
2-0: Fly out, F5 (Popup, 5SF)
Batting: RHB Ji-chol Yang 0-0: Ball
1-0: Fly out, F6 (Line Drive, 6)
Batting: LHB Raúl Aguirre 0-0: Foul Ball, location: 2F
0-1: Swinging Strike
0-2: Strikes out swinging
Top of the 4th over - 0 run(s), 1 hit(s), 0 error(s), 1 left on base; Hialeah 1 - Salt Lake City 0
BOTTOM OF THE 4TH
Salt Lake City Buzz batting - Pitching for Hialeah Dodos : RHP Jim Unknown
Batting: SHB Raymond Bright 0-0: Swinging Strike
0-1: Ball
1-1: Called Strike
1-2: Ground out 4-3 (Groundball, 4)
Batting: RHB Gustavo Berrios 0-0: Ball
1-0: Called Strike
1-1: Foul Ball, location: 2F
1-2: SINGLE (Groundball, 34D)
Batting: SHB Wayne Saunders 0-0: Foul Ball, location: 2F
0-1: Foul Ball, location: 2F
0-2: Ball
1-2: Ball
2-2: Foul Ball, location: 2F
2-2: Ball
3-2: Foul Ball, location: 2F
3-2: Foul Ball, location: 2F
3-2: Strikes out looking
Batting: RHB Patrick Clark 0-0: Fly out, F1 (Popup, 23F)
Bottom of the 4th over - 0 run(s), 1 hit(s), 0 error(s), 1 left on base; Hialeah 1 - Salt Lake City 0
TOP OF THE 5TH
Hialeah Dodos batting - Pitching for Salt Lake City Buzz : RHP Pedro Espinoza
Batting: LHB Perry Bothof 0-0: Ball
1-0: Swinging Strike
1-1: Called Strike
1-2: Hit by Pitch
Batting: RHB Javier Santos 0-0: Bunted foul
0-1: Bunted foul
0-2: Ball
1-2: Ball
2-2: Ball
3-2: Base on Balls
Perry Bothof to second
Batting: RHB Vincente Rotham 0-0: Ball
1-0: Fly out, F5 (Popup, 5F)
Batting: RHB Diego Bonilla 0-0: Fly out, F4 (Popup, 8RS)
Batting: LHB Alfonso Núñez 0-0: Ball
1-0: Foul Ball, location: 2F
1-1: Ball
2-1: Swinging Strike
2-2: Strikes out swinging
Top of the 5th over - 0 run(s), 0 hit(s), 0 error(s), 2 left on base; Hialeah 1 - Salt Lake City 0
BOTTOM OF THE 5TH
Salt Lake City Buzz batting - Pitching for Hialeah Dodos : RHP Jim Unknown
Batting: SHB Carlton Reed 0-0: Called Strike
0-1: Ball
1-1: Ball
2-1: Swinging Strike
2-2: Ball
3-2: Strikes out swinging
Batting: RHB Andrew Hall 0-0: Ground out 6-3 (Groundball, 6)
Batting: RHB Roger Lakes 0-0: Ball
1-0: Ball
2-0: Fly out, F3 (Popup, 3F)
Bottom of the 5th over - 0 run(s), 0 hit(s), 0 error(s), 0 left on base; Hialeah 1 - Salt Lake City 0
TOP OF THE 6TH
Hialeah Dodos batting - Pitching for Salt Lake City Buzz : RHP Pedro Espinoza
Batting: RHB Yoshio Matsuo 0-0: Called Strike
0-1: Ball
1-1: Ball
2-1: Fly out, F9 (Flyball, 89M)
Batting: LHB Jeff Rutherford 0-0: Ball
1-0: Foul Ball, location: 2F
1-1: Swinging Strike
1-2: Ball
2-2: Ball
3-2: Foul Ball, location: 2F
3-2: Ground out 1-3 (Groundball, 25)
Batting: RHB Ji-chol Yang 0-0: Called Strike
0-1: Called Strike
0-2: Ball
1-2: Foul Ball, location: 2F
1-2: Strikes out swinging
Top of the 6th over - 0 run(s), 0 hit(s), 0 error(s), 0 left on base; Hialeah 1 - Salt Lake City 0
BOTTOM OF THE 6TH
Salt Lake City Buzz batting - Pitching for Hialeah Dodos : RHP Jim Unknown
Batting: RHB Alan Rosales 0-0: Called Strike
0-1: Foul Ball, location: 2F
0-2: Strikes out swinging
Batting: RHB Carlos López 0-0: Ball
1-0: Fly out, F4 (Line Drive, 34D)
Batting: SHB Raymond Bright 0-0: Ball
1-0: Ball
2-0: Foul Ball, location: 2F
2-1: SINGLE (Groundball, 34D)
Batting: RHB Gustavo Berrios 0-0: Called Strike
0-1: Swinging Strike
0-2: Ball
1-2: Ball
2-2: Ground out 5-3 (Groundball, 6)
Bottom of the 6th over - 0 run(s), 1 hit(s), 0 error(s), 1 left on base; Hialeah 1 - Salt Lake City 0
TOP OF THE 7TH
Hialeah Dodos batting - Pitching for Salt Lake City Buzz : RHP Pedro Espinoza
Batting: LHB Raúl Aguirre 0-0: Ball
1-0: Called Strike
1-1: Foul Ball, location: 2F
1-2: Strikes out swinging
Batting: LHB Perry Bothof 0-0: Called Strike
0-1: Ball
1-1: Ball
2-1: Ground out 4-3 (Groundball, 4)
Batting: RHB Javier Santos 0-0: Ball
1-0: Foul Ball, location: 2F
1-1: Foul Ball, location: 2F
1-2: Strikes out swinging
Top of the 7th over - 0 run(s), 0 hit(s), 0 error(s), 0 left on base; Hialeah 1 - Salt Lake City 0
BOTTOM OF THE 7TH
Salt Lake City Buzz batting - Pitching for Hialeah Dodos : RHP Jim Unknown
Batting: SHB Wayne Saunders 0-0: Ball
1-0: Called Strike
1-1: Ball
2-1: Ground out 6-3 (Groundball, 6)
Batting: RHB Patrick Clark 0-0: Ball
1-0: Swinging Strike
1-1: Ball
2-1: Fly out, F8 (Flyball, 89M)
Batting: SHB Carlton Reed 0-0: Ball
1-0: Called Strike
1-1: Fly out, F8 (Flyball, 89D)
Bottom of the 7th over - 0 run(s), 0 hit(s), 0 error(s), 0 left on base; Hialeah 1 - Salt Lake City 0
TOP OF THE 8TH
Hialeah Dodos batting - Pitching for Salt Lake City Buzz : RHP Pedro Espinoza
Pitching: RHP Eduardo Romero
Batting: RHB Vincente Rotham 0-0: Called Strike
0-1: Foul Ball, location: 2F
0-2: Strikes out swinging
Batting: RHB Diego Bonilla 0-0: Ball
1-0: Called Strike
1-1: Foul Ball, location: 2F
1-2: Ground out 5-3 (Groundball, 56S)
Batting: LHB Alfonso Núñez 0-0: Ball
1-0: Called Strike
1-1: Swinging Strike
1-2: Fly out, F7 (Flyball, 7LM)
Top of the 8th over - 0 run(s), 0 hit(s), 0 error(s), 0 left on base; Hialeah 1 - Salt Lake City 0
BOTTOM OF THE 8TH
Salt Lake City Buzz batting - Pitching for Hialeah Dodos : RHP Jim Unknown
Pitching: LHP Jim Unknown
Now in RF: Steve McLeod
Batting: RHB Andrew Hall 0-0: Ball
1-0: Ball
2-0: Swinging Strike
2-1: Swinging Strike
2-2: Foul Ball, location: 2F
2-2: Strikes out swinging
Batting: RHB Roger Lakes 0-0: Foul Ball, location: 2F
0-1: Foul Ball, location: 2F
0-2: Ball
1-2: Strikes out swinging
Batting: RHB Alan Rosales 0-0: Called Strike
0-1: Ball
1-1: Called Strike
1-2: Ball
2-2: Ball
3-2: Ground out 5-3 (Groundball, 5S)
Bottom of the 8th over - 0 run(s), 0 hit(s), 0 error(s), 0 left on base; Hialeah 1 - Salt Lake City 0
TOP OF THE 9TH
Hialeah Dodos batting - Pitching for Salt Lake City Buzz : RHP Eduardo Romero
Batting: RHB Yoshio Matsuo 0-0: Ball
1-0: Ball
2-0: Ball
3-0: Base on Balls
Batting: LHB Jeff Rutherford 0-0: Ball
1-0: Ball
2-0: Ball
3-0: Base on Balls
Yoshio Matsuo to second
Pinch Hitting: LHB Álex Burgos 0-0: Ball
1-0: Swinging Strike
1-1: Ball
2-1: Foul Ball, location: 2F
2-2: Ball
3-2: Strikes out swinging
Batting: LHB Raúl Aguirre 0-0: Swinging Strike
0-1: Ball
1-1: Ball
2-1: Fly out, F4 (Line Drive, 4)
Batting: LHB Perry Bothof 0-0: Ground out 4-3 (Groundball, 34)
Top of the 9th over - 0 run(s), 0 hit(s), 0 error(s), 2 left on base; Hialeah 1 - Salt Lake City 0
BOTTOM OF THE 9TH
Salt Lake City Buzz batting - Pitching for Hialeah Dodos : LHP Jim Unknown
Now at 3B: Gerald Sims
Batting: RHB Carlos López 0-0: Ball
1-0: Ball
2-0: Fly out, F7 (Flyball, 78M)
Batting: SHB Raymond Bright 0-0: Foul Ball, location: 2F
0-1: Ball
1-1: Ball
2-1: Called Strike
2-2: Foul Ball, location: 2F
2-2: Ball
3-2: Foul Ball, location: 2F
3-2: Base on Balls
Batting: RHB Gustavo Berrios 0-0: Ball
1-0: Ball
2-0: Called Strike
2-1: Ball
3-1: Base on Balls
Raymond Bright to second
Batting: SHB Wayne Saunders 0-0: Foul Ball, location: 2F
0-1: Ball
1-1: Ball
2-1: Ball
3-1: Foul Ball, location: 2F
3-2: Base on Balls
Raymond Bright to third
Gustavo Berrios to second
Batting: RHB Patrick Clark 0-0: Called Strike
0-1: Ball
1-1: Foul Ball, location: 2F
1-2: Ball
2-2: Ball
3-2: Foul Ball, location: 2F
3-2: GRAND SLAM HOME RUN (Flyball, 8RXD), Distance : 445 ft
This league is powered by Out of the Park Baseball, the baseball management simulation game for PC, Mac and Linux
Monday, October 3rd, 2016 - OOTP Baseball 16.9 Build 39